 Dungeon Crawl Stone Soup version 0.30-a0-1161-g0704695555 (webtiles) character file.

Game seed: 3370995326688469461

186 Juicyj the Covered (level 5, -6/46 HPs)
             Began as a Minotaur Fighter on Apr 27, 2023.
             Killed by divine providence
             ... invoked by an orc priest
              (15 damage)
             ... on level 3 of the Dungeon.
             The game lasted 00:03:12 (1922 turns).

Juicyj the Covered (Minotaur Fighter)               Turns: 1922, Time: 00:03:13

Health: -6/46      AC:  7    Str: 23    XL:     5   Next: 38%
Magic:  4/4        EV: 14    Int:  5    God:
Gold:   121        SH:  4    Dex:  9    Spells: 4/4 levels left

rFire   . . .        a - +0 war axe
rCold   . . .        c - +0 buckler
rNeg    . . .        b - +0 scale mail
rPois   +            (helmet restricted)
rElec   .            (no cloak)
rCorr   .            (no gloves)
SInv    .            (no boots)
Will    .....        (no amulet) Stlth
                     n - ring of poison resistance
HPRegen 0.27/turn    w - +5 ring of evasion
MPRegen 0.09/turn

%: no passive effects
@: no status effects
A: horns 2, retaliatory headbutt
a: no special abilities


You were on level 3 of the Dungeon.
You visited 1 branch of the dungeon, and saw 3 of its levels.

You collected 121 gold pieces.

Inventory:

Hand Weapons
 a - a +0 war axe (weapon)
Missiles
 k - 33 stones (quivered)
 l - 6 poisoned darts
Armour
 b - a +0 scale mail (worn)
 c - a +0 buckler (worn)
Jewellery
 n - a ring of poison resistance (left hand)
 w - a +5 ring of evasion (right hand)
Scrolls
 e - a scroll of immolation {unknown}
 f - a scroll of blinking {unknown}
 g - 2 scrolls of fear {unknown}
 i - a scroll of identify {unknown}
 o - 2 scrolls of noise {unknown}
 u - a scroll of fog {unknown}
 v - a scroll of teleportation {unknown}
Potions
 d - 4 potions of might
 h - a potion of haste {unknown}
 j - a potion of degeneration {unknown}
 m - 2 potions of heal wounds {unknown}
 p - a potion of magic {unknown}
 q - a potion of curing {unknown}
 r - 2 potions of attraction {unknown}
 s - 2 potions of invisibility {unknown}
 t - 2 potions of berserk rage {unknown}


   Skills:
 + Level 4.1 Fighting
 + Level 3.2 Axes
 + Level 3.7 Throwing
 + Level 4.2 Armour
 + Level 4.2 Shields


You had 4 spell levels left.
You didn't know any spells.
Your spell library contained the following spells:

 Spells                   Type           Power      Damage    Failure   Level
 Ignite Poison            Fire/Tmut/Pois 0%         N/A       99%         3
 Sticky Flame             Conj/Fire      0%         2d3       100%        4
 Ignition                 Fire           0%         3d3       100%        8


Dungeon Overview and Level Annotations

Branches:
Dungeon (3/15)

Altars:

Shops:
D:3 :


Innate Abilities, Weirdness & Mutations

You have a pair of horns on your head.
You reflexively headbutt those who attack you in melee.


Message History

No target in view!
No target in view!
An orc and an orc priest come into view.
The orc shouts!
The orc priest shouts!
The orc priest invokes the aid of Beogh against you.
Beogh smites you!
You see here a pink potion.
There are monsters nearby!
There are monsters nearby!
The orc priest looks braver for a moment.
An orc priest comes into view. It is wielding a +0 club.
An orc comes into view. It is wielding a +0 morningstar.
The orc shouts!
The orc priest miscasts a cantrip.
The orc barely misses you.
You slash the orc!
You kill the orc!
The orc priest mumbles some strange prayers to Beogh against you.
Beogh smites you!
The orc priest looks braver for a moment.
You are too injured to fight recklessly!
You are too injured to fight recklessly!
You are too injured to fight recklessly!
You are too injured to fight recklessly!
You are too injured to fight recklessly!
You are too injured to fight recklessly!
You are too injured to fight recklessly!
You are too injured to fight recklessly!
You are too injured to fight recklessly!
You are too injured to fight recklessly!
You closely miss the orc. The orc barely misses you. You furiously retaliate!
You headbutt the orc!
You kill the orc!
The orc priest invokes the aid of Beogh against you.
Beogh smites you!
* * * LOW HITPOINT WARNING * * *
The orc priest completely misses you.
The orc priest calls down the wrath of Beogh upon you.
Beogh smites you!
You die...

#...## .#.# ..# ##...##
..## ...# ##...##
...##...# ##...# ........#
##... #.......# ##.. #.
#o......# #.. . #.
#o......# ##. . #.## #@#
#. #.# #<.# #.####### ##
#.#.#..# #.#.....# #
......# #.#.##############
###.##.######!#.#
#.#.......
#.......))....#.#
#.#.#.###+
###.#.#########.#
#[#.#.....
#.#.#######.#####.#.#.....
#.#.................#.....


You could see 2 orc priests.

Vanquished Creatures
  A centaur (D:3)
  Robin (D:2)
  An adder (D:2)
  3 dart slugs
  7 orcs (D:3)
  7 bats
  8 endoplasms
  5 giant cockroaches
  14 goblins
  A hobgoblin (D:2)
  3 jackals (D:1)
  3 kobolds
  2 quokkas
  6 ball pythons
  2 frilled lizards (D:2)
  6 rats
70 creatures vanquished.

Vanquished Creatures (others)
  A withered plant (D:3)
1 creature vanquished.

Grand Total: 71 creatures vanquished

Notes
Turn   | Place    | Note
-------+----------+-------------------------------------------
     0 | D:1      | Juicyj the Minotaur Fighter began the quest for the Orb.
     0 | D:1      | Reached XP level 1. HP: 19/19 MP: 0/0
   103 | D:1      | Reached XP level 2. HP: 27/27 MP: 1/1
   448 | D:1      | Reached XP level 3. HP: 32/33 MP: 2/2
   858 | D:2      | Noticed Robin
   865 | D:2      | Reached skill level 1 in Throwing
   874 | D:2      | Killed Robin
   875 | D:2      | Reached XP level 4. HP: 21/40 MP: 3/3
  1298 | D:3      | Noticed a centaur
  1303 | D:3      | Killed a centaur
  1304 | D:3      | Reached XP level 5. HP: 19/46 MP: 4/4
  1441 | D:3      | Found a faded altar of an unknown god.
  1586 | D:3      | Found Jocyxt's Book Emporium.
  1922 | D:3      | Killed from afar by an orc priest

Illustrated notes

Levels and vault maps discovered:
D:1:      kennysheep_arrival_forest, layout_basic
D:2:      layout_basic, serial_aquarium, aquarium_bridge_long_separate
          [aquarium_subvault_wall, aquarium_subvault_bridge,
          aquarium_subvault_wall, aquarium_subvault_wall,
          aquarium_subvault_bridge, aquarium_subvault_balcony],
          aquarium_window_3, aquarium_window_2, aquarium_window_double,
          aquarium_window_fake, aquarium_view_2c, aquarium_view_2e,
          aquarium_balcony_3a, uniq_robin
D:3:      layout_basic, serial_curves, eino_curves_01, eino_curves_02,
          serial_shops, nicolae_shop_tiny_statue_garden,
          shapermc_ecumenical_altar_flowoftime

Skill      XL: |  1  2  3  4 |
---------------+-------------+-----
Fighting       | 4 |  4.1
Armour         | 4 |  4.2
Shields        | 4 |  4.2
Axes           | 3 |  3.2
Throwing       | 1 3 |  3.7

Action                     |  1- 3 |  4- 6 || total
---------------------------+-------+-------++-------
  Melee: War axe           |    73 |    44 ||   117
         Headbutt          |     8 |     2 ||    10
 Armour: Scale mail        |    52 |    17 ||    69
  Dodge: Dodged            |    50 |    16 ||    66
  Block: Buckler           |    19 |     9 ||    28

Table legend: (Time is in decaauts)
 A = Elapsed time spent in this place.
 B = Non-inter-level travel time spent in this place.
 C = Inter-level travel time spent in this place.
 D = Time resting spent in this place.
 E = Time spent auto-exploring this place.
 F = Levels seen in this place.
 G = Mean time per level.
                   A        B        C        D        E       F      G
               +--------+--------+--------+--------+--------+-----+--------+
         Total |   1964 |   1915 |     49 |      0 |   1556 |   3 |  654.7 |
       Dungeon |   1964 |   1915 |     49 |      0 |   1556 |   3 |  654.7 |
               +--------+--------+--------+--------+--------+-----+--------+

Top non-repeatable levels by time:
     D:1: 737 daAuts
     D:3: 634 daAuts
     D:2: 592 daAuts
